 Dungeon Crawl Stone Soup version 0.27-a0-1193-g8631133539 (webtiles) character file.

Game seed: 18394381116746240008

107 robertstho the Slasher (level 4, -4/29 HPs)
             Began as a Tengu Berserker on May 26, 2021.
             Was a Believer of Trog.
             Killed from afar by an orc wizard (8 damage)
             ... with a magic dart
             ... on level 3 of the Dungeon.
             The game lasted 00:02:38 (2524 turns).

robertstho the Slasher (Tengu Berserker)            Turns: 2524, Time: 00:02:39

Health: -4/29      AC:  2    Str: 17 (18) XL:     4   Next: 86%
Magic:  5/5        EV: 12    Int:  5 (7)  God:    Trog [**....]
Gold:   79         SH:  0    Dex: 13 (14) Spells: 3/3 levels left

rFire    . . .     SeeInvis .   a - +0 falchion
rCold    . . .     Faith    .   (no shield)
rNeg     . . .     Spirit   .   b - +0 animal skin
rPois    .         Reflect  .   (helmet restricted)
rElec    .         Harm     .   (no cloak)
rCorr    .         Rampage  .   (no gloves)
Will     .....                  (boots unavailable)
Stlth    +.........             (no amulet)
HPRegen  0.09/turn              (no ring)
MPRegen  0.09/turn              (no ring)

@: no status effects
A: beak, talons 3
a: Renounce Religion, Berserk, Trog's Hand


You were on level 3 of the Dungeon.
You worshipped Trog.
Trog was pleased with you.
You visited 1 branch of the dungeon, and saw 3 of its levels.

You collected 79 gold pieces.

Inventory:

Hand Weapons
 a - a +0 falchion (weapon)
Armour
 b - a +0 animal skin (worn)
Scrolls
 c - a scroll of enchant weapon {unknown}
Potions
 e - a potion of resistance {unknown}


   Skills:
 * Level 4.0 Fighting
 + Level 4.3 Long Blades
 * Level 2.8 Armour
 + Level 2.7 Dodging
 + Level 0.6 Stealth


You had 3 spell levels left.
You didn't know any spells.
Your spell library was empty.

Dungeon Overview and Level Annotations

Branches:
Dungeon (3/15)

Altars:
Sif Muna

Shops:
D:1 ?   D:3 =


Innate Abilities, Weirdness & Mutations

You have a beak for a mouth.
You have claws for feet.


Message History

An orc is nearby!
An orc is nearby!
An orc is nearby!
An orc is nearby!
An orc is nearby!
An orc is nearby!
An orc is nearby!
An orc is nearby!
An orc and an orc priest come into view.
The orc priest shouts!
The orc shouts!
You hear a shout!
An orc priest comes into view. It is wielding a +0 dagger.
You hear an angry hiss.
Found a stone staircase leading down.
Found a dagger and 26 arrows.
An orc wizard comes into view. It is wielding a +0 dagger.
The orc wizard shouts!
The orc priest mumbles some strange prayers to Beogh against you.
Pain shoots through your body!
Found a stone staircase leading down.
You hit the orc but do no damage. You peck the orc.
The orc is heavily wounded.
A frilled lizard comes into view.
The orc hits you with a +0 dagger.
You hit the orc. Your peck misses the orc.
The orc is almost dead.
The frilled lizard unfolds its giant frill.
You hit the orc.
You kill the orc!
Trog accepts your kill.
The orc priest calls down the wrath of Beogh upon you.
Beogh smites you!
* * * LOW HITPOINT WARNING * * *
The orc hits you with a +0 hand axe.
* * * LOW HITPOINT WARNING * * *
It was a potion of degeneration.
There was something very wrong with that liquid.
You feel weakened.
You feel dopey.
You feel clumsy.
The orc wizard gestures at you while chanting.
The magic dart hits you!
You die...

# #.# ########.#
.........##### #
....#........# .#
......#......#######.###
.....##.#.............).
......#....>.)..........
#####.......<....o......
##.♣.###....@o..l>..
♣.∩.♣.....##oo..... #
##.♣##.....# ....... #
#..# #.....# ....... #
#.<# #.....# ....... #
#..# #.....# ....... #
##..# ###.### >....(# #
#...# #.# #####.. #
#.#.# #.#


You could see 2 orc priests, an orc wizard, an orc and a frilled lizard.

Vanquished Creatures
  An iguana (D:3)
  An adder (D:2)
  A worm (D:2)
  3 dart slugs (D:1)
  An orc (D:3)
  6 endoplasms
  2 giant cockroaches (D:1)
  7 goblins (D:1)
  7 hobgoblins
  6 jackals (D:1)
  7 kobolds
  A quokka (D:1)
  5 ball pythons
  5 bats (D:1)
  2 frilled lizards (D:2)
  2 rats (D:1)
57 creatures vanquished.

Vanquished Creatures (others)
  32 plants (D:1)
32 creatures vanquished.

Grand Total: 89 creatures vanquished

Notes
Turn   | Place    | Note
-------+----------+-------------------------------------------
     0 | D:1      | robertstho the Tengu Berserker began the quest for the Orb.
     0 | D:1      | Reached XP level 1. HP: 14/14 MP: 2/2
    28 | D:1      | Found Kanlaem's Magic Scroll Boutique.
    61 | D:1      | Reached XP level 2. HP: 19/19 MP: 3/3
   357 | D:1      | Reached XP level 3. HP: 19/23 MP: 4/4
   672 | D:1      | Reached ** piety under Trog
  1378 | D:2      | Found a faded altar of an unknown god.
  1659 | D:2      | Reached XP level 4. HP: 24/29 MP: 5/5
  1850 | D:2      | Found a shimmering blue altar of Sif Muna.
  2276 | D:3      | Found Gecu's Jewellery Boutique.
  2524 | D:3      | Killed from afar by an orc wizard

Illustrated notes

Levels and vault maps discovered:
D:1:      dpeg_arrival_stone_temple_mockup, layout_loops_ring, serial_shops,
          shop, serial_bayou, serial_bayou_lake_a, serial_bayou_pond_a,
          serial_bayou_lagoon_b, serial_bayou_crossing, serial_bayou_lagoon_a
D:2:      layout_loops_corners, basic_altar, ebering_ecumenical_altar_mist
D:3:      layout_rooms, nicolae_ru_the_path_less_chosen, lemuel_round_altar,
          serial_shops, nicolae_shop_trees

Skill      XL: |  1  2  3  4 |
---------------+-------------+-----
Long Blades    | 4 |  4.3
Fighting       | 4 |  4.0
Armour         | |  2.8
Dodging        | |  2.7
Stealth        | |  0.6

Action                   |  1- 3 |  4- 6 || total
-------------------------+-------+-------++-------
Melee: Falchion          |    64 |    29 ||    93
       Kick              |    26 |    10 ||    36
       Peck              |     7 |     6 ||    13
Invok: Berserk           |     2 |       ||     2
  Use: Scroll            |     5 |       ||     5
       Potion            |       |     1 ||     1
 Stab: Sleeping          |     1 |       ||     1
Armor: Animal skin       |    18 |     1 ||    19
Dodge: Dodged            |    53 |    16 ||    69
       Rpst.: Falchion   |    14 |     7 ||    21

Table legend: (Time is in decaauts)
 A = Elapsed time spent in this place.
 B = Non-inter-level travel time spent in this place.
 C = Inter-level travel time spent in this place.
 D = Time resting spent in this place.
 E = Time spent auto-exploring this place.
 F = Levels seen in this place.
 G = Mean time per level.
                   A        B        C        D        E       F      G
               +--------+--------+--------+--------+--------+-----+--------+
         Total |   2635 |   2540 |     95 |     87 |   2142 |   3 |  878.3 |
       Dungeon |   2635 |   2540 |     95 |     87 |   2142 |   3 |  878.3 |
               +--------+--------+--------+--------+--------+-----+--------+

Top non-repeatable levels by time:
     D:1: 1476 daAuts
     D:2: 904 daAuts
     D:3: 255 daAuts
